 Dungeon Crawl Stone Soup version 0.30.0-19-g36f170ea60 (webtiles) character file.

Game seed: 10926133131068731613

143 Sabo the Trooper (level 5, -6/42 HPs)
             Began as a Demonspawn Berserker on May 27, 2023.
             Was a Believer of Trog.
             Mangled by an ogre
             ... wielding a +0 giant club
              (8 damage)
             ... on level 4 of the Dungeon.
             The game lasted 00:13:13 (2775 turns).

Sabo the Trooper (Demonspawn Berserker)             Turns: 2775, Time: 00:13:13

Health: -6/42      AC: 16    Str: 20    XL:     5   Next: 4%
Magic:  5/5        EV:  9    Int:  8    God:    Trog [**....]
Gold:   250        SH:  0    Dex: 14    Spells: 4/4 levels left

rFire   . . .        i - +0 trident (protect)
rCold   . . .        (no shield)
rNeg    . . .        c - +0 chain mail
rPois   .            (no helmet)
rElec   .            (no cloak)
rCorr   .            (no gloves)
SInv    .            e - +0 pair of boots
Will    .....        (no amulet) Stlth
                     (no ring)
HPRegen 0.27/turn    (no ring)
MPRegen 0.09/turn

%: no passive effects
@: under a protective aura
A: thin skeletal structure 1, demonic magic 2
a: Renounce Religion, Berserk, Trog's Hand


You were on level 4 of the Dungeon.
You worshipped Trog.
Trog was pleased with you.
You visited 1 branch of the dungeon, and saw 4 of its levels.

You collected 250 gold pieces.

Inventory:

Hand Weapons
 a - a +0 hand axe
 g - a +0 sling
 i - a +0 trident of protection (weapon)
Armour
 c - a +0 chain mail (worn)
 e - a +0 pair of boots (worn)
Scrolls
 d - a scroll of teleportation
 h - a scroll of fear
 k - a scroll of blinking {unknown}
Potions
 b - 2 potions of curing {unknown}
 f - a potion of ambrosia {unknown}
 j - a potion of lignification {unknown}
 m - a potion of degeneration {unknown}


   Skills:
 + Level 3.7 Fighting
 + Level 3.6(3.8) Axes
 + Level 1.4(2.7) Polearms
 + Level 2.3 Armour
 + Level 2.6 Dodging
 + Level 0.2 Stealth


You had 4 spell levels left.
You didn't know any spells.
Your spell library was empty.

Dungeon Overview and Level Annotations

Branches:
Dungeon (4/15)
 Temple: D:4-7

Altars:
Okawaru
Uskayaw
Vehumet


Innate Abilities, Weirdness & Mutations

You have a somewhat thin skeletal structure. (Dex +2, Stealth+)
Spells you cast may paralyse nearby enemies.


Message History

The iguana is severely wounded.
The iguana bites you but does no damage.
The iguana barely misses you.
You barely miss the iguana.
The iguana is severely wounded.
The iguana bites you but does no damage.
You hit the iguana.
The iguana is almost dead.
The iguana closely misses you.
You hit the iguana.
You kill the iguana!
Trog accepts your kill.
You have reached level 5!
Your demonic ancestry asserts itself...
Your magic grows more menacing.
You start resting.
HP restored.
An ogre and a goblin come into view.
The goblin shouts!
The goblin hits you but does no damage. The goblin hits you but does no damage.
You closely miss the goblin. The goblin closely misses you.
You barely miss the goblin.
The ogre hits you with a +0 giant club!!
Ouch! That really hurt!
The goblin hits you but does no damage.
You closely miss the goblin. The goblin barely misses you.
The ogre barely misses you. The goblin hits you but does no damage.
You barely miss the goblin. The ogre hits you with a +0 giant club!
* * * LOW HITPOINT WARNING * * *
The goblin hits you with a +0 dagger.
* * * LOW HITPOINT WARNING * * *
You closely miss the goblin. The goblin hits you with a +0 dagger.
* * * LOW HITPOINT WARNING * * *
You puncture the goblin!
Your weapon exudes an aura of protection.
You kill the goblin!
Trog accepts your kill. The ogre hits you with a +0 giant club!
You die...

## ..# .. ...#
#. ... #. #..#.
### #.#. ...
..##..O##.####.
#......@)......
#.####..#######
#####......##
#<..†.####...
#####........
#<.......
#.#.#.##.
#.....#
#.###...


You could see an ogre.

Vanquished Creatures
  2 iguanas
  2 adders
  2 worms
  4 dart slugs
  8 endoplasms
  5 giant cockroaches
  4 goblins
  10 hobgoblins
  A jackal (D:1)
  5 kobolds
  A quokka (D:1)
  2 ball pythons
  6 bats
  3 frilled lizards
  5 rats
60 creatures vanquished.

Notes
Turn   | Place    | Note
-------+----------+-------------------------------------------
     0 | D:1      | Sabo the Demonspawn Berserker began the quest for the Orb.
     0 | D:1      | Reached XP level 1. HP: 18/18 MP: 1/1
   191 | D:1      | Gained mutation: Spells you cast may paralyse adjacent
                  | enemies. [demonic ancestry]
   191 | D:1      | Reached XP level 2. HP: 20/24 MP: 2/2
   839 | D:1      | Gained mutation: You have a somewhat thin skeletal
                  | structure. (Dex +2, Stealth+) [demonic ancestry]
   839 | D:1      | Reached XP level 3. HP: 24/29 MP: 3/3
  1435 | D:2      | Found a radiant altar of Vehumet.
  1485 | D:2      | Reached ** piety under Trog
  1546 | D:2      | Found a faded altar of an unknown god.
  1797 | D:3      | Reached XP level 4. HP: 36/36 MP: 4/4
  1905 | D:3      | Found a hide-covered altar of Uskayaw.
  2338 | D:3      | Reached skill level 1 in Polearms
  2518 | D:3      | Found an iron altar of Okawaru.
  2716 | D:4      | Gained mutation: Spells you cast may paralyse nearby
                  | enemies. [demonic ancestry]
  2716 | D:4      | Reached XP level 5. HP: 28/42 MP: 5/5
  2767 | D:4      | Noticed an ogre
  2774 | D:4      | HP: 2/42 [goblin/+0 dagger (3)]
  2775 | D:4      | Mangled by an ogre

Illustrated notes

Levels and vault maps discovered:
D:1:      dpeg_cavernosity, layout_basic
D:2:      layout_rooms, basic_altar, hellmonk_ecumenical_altar_leap_of_faith
D:3:      layout_loops_ring, amcnicky_altar_gilded,
          nicolae_overflow_crystal_walls, okawaru_metal_pillars_1_2
D:4:      layout_basic, serial_shops, nicolae_shop_rolling_square,
          hellmonk_no_cap

Skill      XL: |  1  2  3  4 |
---------------+-------------+-----
Axes           | 3 |  3.6
Armour         | 2 |  2.3
Dodging        | 2 |  2.6
Polearms       | 1 |  1.4
Fighting       | |  3.7
Stealth        | |  0.2

Action                     |  1- 3 |  4- 6 || total
---------------------------+-------+-------++-------
  Melee: Hand axe          |   112 |       ||   112
         Punch             |     1 |     1 ||     2
         Trident           |    44 |    85 ||   129
    Use: Scroll            |       |     2 ||     2
 Armour: Chain mail        |   113 |    58 ||   171
  Dodge: Dodged            |    76 |    52 ||   128
